[ AOE2 MATCH · #503905152 ]
UnrankedJapanese vs Vietnamese
[ REPLAY ANALYSIS · EXTRACTED FROM THE RECORDED GAME ]
Feudal
14:15
Castle
20:02
Imperial
—
| APM avg | 34.0 |
| APM peak | 94 |
| eAPM avg | 17.2 |
| Villagers / military | 33 / 0 |
Focus
⚔️ 17.5% · 🌾 82.5%
Fishing Ship ×12
Feudal
13:43
Castle
18:24
Imperial
—
| APM avg | 25.8 |
| APM peak | 45 |
| eAPM avg | 14.6 |
| Villagers / military | 39 / 1 |
Focus
⚔️ 37.7% · 🌾 62.3%
Fishing Ship ×9 · Mangonel ×1
Feudal
14:32
Castle
18:07
Imperial
—
| APM avg | 30.4 |
| APM peak | 56 |
| eAPM avg | 17.6 |
| Villagers / military | 58 / 40 |
Focus
⚔️ 23.8% · 🌾 76.2%
Fishing Ship ×16 · Fire Lancer ×15 · Archer ×10 · Battering Ram ×6 · Galley ×4 · Spearman ×3
Feudal
13:42
Castle
18:30
Imperial
—
| APM avg | 37.1 |
| APM peak | 90 |
| eAPM avg | 14.0 |
| Villagers / military | 38 / 11 |
Focus
⚔️ 33.7% · 🌾 66.3%
Fishing Ship ×14 · Tarkan ×11
Feudal
14:43
Castle
17:50
Imperial
—
| APM avg | 21.6 |
| APM peak | 94 |
| eAPM avg | 10.5 |
| Villagers / military | 48 / 3 |
Focus
⚔️ 16.0% · 🌾 84.0%
Fishing Ship ×6 · Knight ×3
Feudal
13:12
Castle
16:57
Imperial
—
| APM avg | 35.2 |
| APM peak | 73 |
| eAPM avg | 17.7 |
| Villagers / military | 92 / 29 |
Focus
⚔️ 20.5% · 🌾 79.5%
Conquistador ×19 · Fishing Ship ×15 · Battering Ram ×8 · Mangonel ×2
Feudal
14:11
Castle
20:24
Imperial
—
| APM avg | 17.1 |
| APM peak | 54 |
| eAPM avg | 8.8 |
| Villagers / military | 26 / 1 |
Focus
⚔️ 14.4% · 🌾 85.6%
Fishing Ship ×11 · Fire Galley ×1 · Unknown (2626) ×1
Feudal
12:51
Castle
16:46
Imperial
—
| APM avg | 25.2 |
| APM peak | 41 |
| eAPM avg | 14.3 |
| Villagers / military | 79 / 27 |
Focus
⚔️ 27.0% · 🌾 73.0%
Archer ×11 · Elephant Archer ×10 · Fishing Ship ×7 · Mangonel ×5 · Monk ×1
Match map
Initial resources + every placement click. Lines = walls · curves = elevation contours. ◆ gold · ⬟ stone · ● berries · ✦ relic · ◌ wall gap
Your base· Open — 3t gap
Aragami's base· Open — 7t gap
marvinpalomino's base· Open — unwalled flank
MenaChuuni's base· Open — 9t gap
CTM | KLIN's base· Open — 6t gap
NuMa | JavierFarfan's base· Open — unwalled flank
lord-cherry's base· Open — unwalled flank
bankai_aoe's base· Open — 2t gap
Smoothed initial terrain · ◌ = detected wall gap · hover for details
Inputs per minute
— GSDE_Bjarne - - Aragami
Build order — GSDE_Bjarne
84 actions detected in the replay
| 0:35 | Build | Town Center |
| 2:11 | Build | Dock |
| 3:01 | Build | House |
| 3:29 | Create | Villager (Male) |
| 3:37 | Create | Villager (Male) |
| 4:19 | Create | Fishing Ship |
| 4:25 | Create | Villager (Male) |
| 4:26 | Create | Villager (Male) |
| 5:07 | Create | Fishing Ship |
| 5:14 | Research | Loom |
| 5:28 | Build | House |
| 5:30 | Create | Villager (Male) |
| 6:05 | Create | Fishing Ship |
| 6:05 | Create | Fishing Ship |
| 6:24 | Create | Villager (Male) |
| 6:24 | Create | Villager (Male) |
| 7:03 | Create | Villager (Male) |
| 7:03 | Create | Villager (Male) |
| 7:26 | Create | Villager (Male) |
| 7:39 | Build | House |
| 7:41 | Create | Villager (Male) |
| 7:58 | Create | Villager (Male) |
| 8:03 | Create | Fishing Ship |
| 8:21 | Create | Villager (Male) |
| 8:37 | Build | House |
| 8:44 | Create | Villager (Male) |
| 9:12 | Create | Fishing Ship |
| 9:29 | Create | Villager (Male) |
| 9:53 | Create | Villager (Male) |
| 9:57 | Create | Fishing Ship |
| 10:00 | Build | House |
| 10:10 | Create | Villager (Male) |
| 10:26 | Build | Mill |
| 10:45 | Create | Villager (Male) |
| 10:47 | Create | Fishing Ship |
| 10:57 | Build | House |
| 11:12 | Create | Villager (Male) |
| 11:26 | Create | Fishing Ship |
| 12:05 | Research | Feudal Age |
| 12:05 | Research | Feudal Age |
| 12:21 | Build | Dock |
| 12:30 | Build | House |
| 13:02 | Build | House |
| 13:55 | Create | Villager (Male) |
| 14:15 | Age | Feudal Age |
| 14:24 | Create | Villager (Male) |
| 14:29 | Build | Blacksmith |
| 14:33 | Create | Fishing Ship |
| 14:56 | Create | Villager (Male) |
| 15:13 | Build | Mining Camp |
| 15:17 | Create | Fishing Ship |
| 15:23 | Create | Villager (Male) |
| 15:51 | Build | Dock |
| 16:03 | Create | Villager (Male) |
| 16:28 | Create | Villager (Male) |
| 16:40 | Build | Market |
| 16:46 | Build | Mining Camp |
| 16:50 | Create | Villager (Male) |
| 17:22 | Research | Castle Age |
| 17:22 | Research | Castle Age |
| 17:28 | Research | Stone Mining |
| 17:49 | Build | House |
| 18:07 | Create | Fishing Ship |
| 18:56 | Create | Villager (Male) |
| 19:22 | Create | Villager (Male) |
| 19:57 | Build | Gate |
| 20:02 | Age | Castle Age |
| 20:07 | Build | House |
| 20:14 | Build | Gate |
| 20:17 | Build | House |
| 20:22 | Build | Palisade Wall |
| 20:44 | Build | Stone Wall |
| 20:57 | Build | Town Center |
| 21:18 | Create | Villager (Male) |
| 21:18 | Create | Villager (Male) |
| 21:27 | Build | House |
| 21:31 | Build | House |
| 21:38 | Build | Palisade Wall |
| 21:48 | Build | Palisade Wall |
| 21:50 | Build | Palisade Wall |
| 22:27 | Build | Castle |
| 22:32 | Create | Villager (Male) |
| 22:32 | Create | Villager (Male) |
| 22:50 | Create | Villager (Male) |
Build order — Aragami
85 actions detected in the replay
| 0:06 | Build | Town Center |
| 1:56 | Build | House |
| 2:34 | Create | Villager (Male) |
| 2:34 | Create | Villager (Male) |
| 2:34 | Create | Villager (Male) |
| 2:35 | Create | Villager (Male) |
| 2:35 | Create | Villager (Male) |
| 2:55 | Build | Dock |
| 3:52 | Create | Fishing Ship |
| 3:52 | Create | Fishing Ship |
| 4:24 | Research | Loom |
| 4:41 | Build | House |
| 4:44 | Build | House |
| 5:33 | Create | Fishing Ship |
| 5:33 | Create | Fishing Ship |
| 5:51 | Create | Villager (Male) |
| 5:52 | Create | Villager (Male) |
| 6:21 | Create | Villager (Male) |
| 6:21 | Create | Villager (Male) |
| 6:32 | Create | Fishing Ship |
| 6:32 | Create | Fishing Ship |
| 6:50 | Create | Villager (Male) |
| 6:51 | Create | Villager (Male) |
| 7:07 | Create | Villager (Male) |
| 7:07 | Create | Villager (Male) |
| 7:17 | Create | Villager (Male) |
| 7:17 | Create | Villager (Male) |
| 7:26 | Build | House |
| 8:04 | Create | Villager (Male) |
| 8:18 | Create | Villager (Male) |
| 8:18 | Create | Villager (Male) |
| 8:19 | Create | Villager (Male) |
| 8:37 | Create | Fishing Ship |
| 8:37 | Create | Fishing Ship |
| 8:56 | Create | Villager (Male) |
| 8:56 | Create | Villager (Male) |
| 9:01 | Build | House |
| 9:39 | Create | Fishing Ship |
| 9:48 | Create | Villager (Male) |
| 9:48 | Create | Villager (Male) |
| 10:08 | Build | Mining Camp |
| 10:22 | Create | Villager (Male) |
| 10:56 | Build | House |
| 11:00 | Create | Villager (Male) |
| 11:27 | Create | Villager (Male) |
| 11:32 | Research | Feudal Age |
| 11:56 | Build | Mill |
| 12:58 | Build | Outpost |
| 13:35 | Create | Villager (Male) |
| 13:36 | Create | Villager (Male) |
| 13:43 | Age | Feudal Age |
| 13:55 | Build | Market |
| 14:10 | Create | Villager (Male) |
| 14:32 | Build | Blacksmith |
| 14:43 | Build | Blacksmith |
| 15:00 | Build | Outpost |
| 15:28 | Build | Outpost |
| 15:44 | Research | Castle Age |
| 15:44 | Research | Castle Age |
| 16:33 | Build | Outpost |
| 17:06 | Create | Villager (Male) |
| 18:24 | Age | Castle Age |
| 18:38 | Build | House |
| 18:40 | Build | House |
| 18:47 | Build | Castle |
| 19:06 | Create | Villager (Male) |
| 19:32 | Build | Lumber Camp |
| 19:52 | Create | Villager (Male) |
| 19:53 | Create | Villager (Male) |
| 19:53 | Create | Villager (Male) |
| 20:53 | Create | Villager (Male) |
| 20:54 | Create | Villager (Male) |
| 20:54 | Create | Villager (Male) |
| 21:22 | Build | Town Center |
| 21:38 | Create | Villager (Male) |
| 22:23 | Create | Villager (Male) |
| 22:58 | Research | Double-Bit Axe |
| 22:58 | Research | Double-Bit Axe |
| 23:15 | Build | Castle |
| 24:19 | Research | Fletching |
| 24:47 | Build | Town Center |
| 24:58 | Build | Siege Workshop |
| 25:09 | Research | Bodkin Arrow |
| 26:38 | Create | Mangonel |
| 28:39 | Build | Castle |
Build order — marvinpalomino
First 150 of 179 actions detected
| 0:36 | Build | Town Center |
| 1:13 | Build | Dock |
| 2:47 | Create | Villager (Male) |
| 2:47 | Create | Villager (Male) |
| 2:47 | Create | Villager (Male) |
| 2:48 | Create | Villager (Male) |
| 3:36 | Create | Fishing Ship |
| 4:15 | Build | House |
| 4:20 | Create | Villager (Male) |
| 4:32 | Create | Fishing Ship |
| 4:48 | Research | Loom |
| 5:02 | Create | Villager (Male) |
| 5:33 | Create | Villager (Male) |
| 5:36 | Create | Fishing Ship |
| 6:07 | Create | Fishing Ship |
| 6:08 | Create | Villager (Male) |
| 6:18 | Build | House |
| 6:42 | Create | Villager (Male) |
| 6:53 | Build | House |
| 7:03 | Create | Fishing Ship |
| 7:16 | Create | Villager (Male) |
| 7:16 | Create | Villager (Male) |
| 7:27 | Build | House |
| 7:29 | Create | Villager (Male) |
| 7:50 | Create | Fishing Ship |
| 7:54 | Create | Villager (Male) |
| 8:13 | Create | Fishing Ship |
| 8:22 | Create | Villager (Male) |
| 8:43 | Create | Villager (Male) |
| 8:43 | Create | Villager (Male) |
| 8:44 | Create | Fishing Ship |
| 9:14 | Create | Villager (Male) |
| 9:23 | Create | Villager (Male) |
| 9:29 | Create | Villager (Male) |
| 9:31 | Create | Fishing Ship |
| 9:50 | Build | House |
| 9:54 | Build | Dock |
| 10:13 | Create | Fishing Ship |
| 10:14 | Create | Villager (Male) |
| 10:42 | Create | Villager (Male) |
| 10:56 | Build | House |
| 10:59 | Create | Villager (Male) |
| 10:59 | Create | Villager (Male) |
| 11:03 | Create | Villager (Male) |
| 11:05 | Create | Fishing Ship |
| 11:05 | Create | Fishing Ship |
| 11:22 | Create | Fishing Ship |
| 11:36 | Create | Fishing Ship |
| 11:49 | Build | Lumber Camp |
| 11:54 | Create | Fishing Ship |
| 12:22 | Research | Feudal Age |
| 12:31 | Build | Mining Camp |
| 12:40 | Build | House |
| 12:42 | Build | House |
| 12:48 | Create | Fishing Ship |
| 13:43 | Build | Barracks |
| 14:01 | Create | Villager (Male) |
| 14:01 | Create | Villager (Male) |
| 14:32 | Age | Feudal Age |
| 14:35 | Build | Archery Range |
| 14:37 | Build | Blacksmith |
| 14:52 | Build | Palisade Gate |
| 14:56 | Build | Palisade Wall |
| 15:11 | Create | Galley |
| 15:12 | Create | Galley |
| 15:27 | Research | Castle Age |
| 15:35 | Create | Archer |
| 16:13 | Create | Galley |
| 16:14 | Create | Galley |
| 16:42 | Create | Archer |
| 17:10 | Create | Archer |
| 17:18 | Research | Fletching |
| 17:42 | Build | House |
| 17:42 | Build | House |
| 17:43 | Build | House |
| 17:44 | Build | House |
| 17:50 | Create | Archer |
| 18:02 | Create | Archer |
| 18:07 | Age | Castle Age |
| 18:10 | Create | Villager (Male) |
| 18:19 | Build | Siege Workshop |
| 18:37 | Create | Villager (Male) |
| 18:39 | Research | Crossbowman (upgrade) |
| 18:47 | Create | Villager (Male) |
| 18:56 | Create | Villager (Male) |
| 18:59 | Research | Double-Bit Axe |
| 19:18 | Create | Mangonel |
| 19:26 | Create | Villager (Male) |
| 19:56 | Research | Thumb Ring |
| 20:03 | Create | Archer |
| 20:09 | Create | Villager (Male) |
| 20:10 | Create | Villager (Male) |
| 20:15 | Build | House |
| 20:16 | Build | House |
| 20:24 | Create | Mangonel |
| 20:36 | Create | Villager (Male) |
| 20:46 | Create | Archer |
| 21:07 | Build | House |
| 21:16 | Create | Spearman |
| 21:40 | Build | Town Center |
| 21:48 | Create | Fire Lancer |
| 21:48 | Create | Fire Lancer |
| 21:54 | Create | Archer |
| 21:54 | Create | Archer |
| 22:02 | Build | Lumber Camp |
| 22:16 | Create | Villager (Male) |
| 22:16 | Create | Villager (Male) |
| 22:19 | Research | Bow Saw |
| 22:30 | Create | Fire Lancer |
| 22:30 | Create | Fire Lancer |
| 22:56 | Create | Villager (Male) |
| 22:56 | Create | Villager (Male) |
| 23:10 | Create | Battering Ram |
| 23:23 | Build | Stone Wall |
| 23:27 | Create | Villager (Male) |
| 23:27 | Create | Villager (Male) |
| 23:34 | Create | Fire Lancer |
| 23:37 | Build | Barracks |
| 23:47 | Create | Villager (Male) |
| 23:48 | Create | Villager (Male) |
| 24:07 | Research | Gold Mining |
| 24:20 | Create | Spearman |
| 24:20 | Create | Spearman |
| 24:36 | Create | Villager (Male) |
| 24:36 | Create | Villager (Male) |
| 24:37 | Create | Villager (Male) |
| 24:56 | Build | Town Center |
| 25:16 | Create | Archer |
| 25:28 | Build | Mining Camp |
| 25:33 | Create | Villager (Male) |
| 25:33 | Create | Villager (Male) |
| 25:33 | Create | Villager (Male) |
| 25:34 | Create | Villager (Male) |
| 25:43 | Build | Mill |
| 26:03 | Create | Villager (Male) |
| 26:16 | Create | Battering Ram |
| 26:23 | Build | Siege Workshop |
| 26:24 | Build | Siege Workshop |
| 26:32 | Create | Villager (Male) |
| 26:39 | Create | Fire Lancer |
| 26:41 | Create | Fire Lancer |
| 26:43 | Create | Fire Lancer |
| 26:44 | Create | Fire Lancer |
| 26:46 | Create | Villager (Male) |
| 26:46 | Create | Villager (Male) |
| 26:48 | Build | Farm |
| 26:54 | Build | Farm |
| 26:55 | Build | Farm |
| 26:57 | Build | Farm |
| 27:00 | Build | Farm |
Build order — MenaChuuni
92 actions detected in the replay
| 0:23 | Build | Town Center |
| 2:38 | Create | Villager (Male) ×4 |
| 3:40 | Build | Dock |
| 4:40 | Create | Villager (Male) |
| 5:08 | Create | Villager (Male) |
| 5:17 | Create | Fishing Ship |
| 5:38 | Create | Villager (Male) |
| 6:03 | Create | Villager (Male) |
| 6:24 | Create | Fishing Ship |
| 6:32 | Create | Villager (Male) |
| 6:32 | Create | Villager (Male) |
| 6:55 | Create | Villager (Male) |
| 7:27 | Create | Villager (Male) |
| 7:28 | Create | Fishing Ship |
| 8:01 | Create | Villager (Male) |
| 8:27 | Create | Villager (Male) |
| 8:29 | Create | Fishing Ship |
| 9:01 | Create | Villager (Male) |
| 9:03 | Create | Fishing Ship |
| 9:20 | Create | Villager (Male) |
| 9:34 | Create | Villager (Male) |
| 9:35 | Create | Fishing Ship |
| 10:14 | Create | Villager (Male) |
| 10:17 | Create | Fishing Ship |
| 10:27 | Build | Lumber Camp |
| 10:40 | Create | Villager (Male) |
| 10:46 | Create | Fishing Ship |
| 10:49 | Create | Villager (Male) |
| 11:02 | Create | Villager (Male) |
| 11:23 | Research | Feudal Age |
| 11:40 | Create | Fishing Ship |
| 12:03 | Build | Mill |
| 12:37 | Create | Fishing Ship |
| 12:52 | Build | Mining Camp |
| 13:02 | Create | Villager (Male) |
| 13:42 | Age | Feudal Age |
| 13:46 | Research | Tech 906 |
| 13:48 | Create | Villager (Male) |
| 13:52 | Research | Tech 906 |
| 14:04 | Build | Market |
| 14:24 | Create | Villager (Male) |
| 14:38 | Build | Blacksmith |
| 14:51 | Create | Villager (Male) |
| 15:15 | Research | Loom |
| 15:15 | Research | Castle Age |
| 15:23 | Create | Fishing Ship |
| 15:44 | Build | Mining Camp |
| 15:49 | Research | Stone Mining |
| 15:50 | Research | Castle Age |
| 16:07 | Create | Fishing Ship |
| 16:35 | Create | Villager (Male) |
| 17:02 | Build | Outpost |
| 17:14 | Build | Barracks |
| 17:19 | Research | Gold Mining |
| 17:35 | Create | Fishing Ship |
| 18:06 | Create | Villager (Male) |
| 18:30 | Age | Castle Age |
| 18:39 | Build | Castle |
| 18:59 | Research | Scale Barding Armor |
| 19:03 | Create | Villager (Male) |
| 19:03 | Create | Villager (Male) |
| 19:03 | Create | Villager (Male) |
| 19:06 | Research | Double-Bit Axe |
| 19:24 | Create | Villager (Male) |
| 19:35 | Create | Tarkan |
| 19:36 | Create | Tarkan |
| 19:41 | Research | Gold Shaft Mining |
| 19:57 | Create | Tarkan |
| 20:02 | Research | Forging |
| 20:18 | Create | Tarkan |
| 20:25 | Create | Villager (Male) |
| 20:44 | Create | Tarkan |
| 20:57 | Create | Tarkan |
| 21:03 | Research | Chain Barding Armor |
| 21:10 | Create | Villager (Male) |
| 21:23 | Create | Tarkan |
| 21:43 | Create | Tarkan |
| 21:45 | Create | Villager (Male) |
| 21:59 | Create | Tarkan |
| 22:06 | Create | Villager (Male) |
| 22:18 | Create | Tarkan |
| 22:19 | Create | Villager (Male) |
| 22:34 | Create | Tarkan |
| 22:36 | Create | Villager (Male) |
| 22:38 | Build | Farm |
| 22:39 | Build | Farm |
| 22:40 | Create | Fishing Ship |
| 22:41 | Build | Fish Trap |
| 22:58 | Build | Farm |
| 23:00 | Build | Farm |
| 23:23 | Create | Villager (Male) |
| 23:28 | Build | Farm |
Build order — CTM | KLIN
109 actions detected in the replay
| 1:41 | Build | Town Center |
| 2:22 | Build | Dock |
| 2:25 | Build | House |
| 3:50 | Build | House |
| 3:51 | Create | Villager (Male) |
| 3:51 | Create | Villager (Male) |
| 4:20 | Create | Villager (Male) |
| 4:20 | Create | Villager (Male) |
| 5:14 | Research | Loom |
| 5:45 | Create | Villager (Male) |
| 5:45 | Create | Villager (Male) |
| 6:26 | Create | Villager (Male) |
| 6:26 | Create | Villager (Male) |
| 6:29 | Create | Villager (Male) |
| 6:29 | Create | Villager (Male) |
| 7:01 | Create | Villager (Male) |
| 7:26 | Create | Fishing Ship |
| 7:30 | Create | Villager (Male) |
| 7:45 | Create | Villager (Male) |
| 8:08 | Create | Villager (Male) |
| 8:22 | Create | Villager (Male) |
| 8:26 | Create | Fishing Ship |
| 9:00 | Create | Villager (Male) |
| 9:06 | Create | Fishing Ship |
| 9:11 | Build | House |
| 9:26 | Create | Villager (Male) |
| 9:26 | Create | Villager (Male) |
| 9:44 | Create | Fishing Ship |
| 9:58 | Create | Villager (Male) |
| 10:30 | Build | House |
| 10:32 | Create | Fishing Ship |
| 10:38 | Create | Villager (Male) |
| 11:03 | Build | Mill |
| 11:19 | Create | Villager (Male) |
| 11:23 | Create | Fishing Ship |
| 12:08 | Create | Villager (Male) |
| 12:16 | Build | Mining Camp |
| 12:19 | Research | Feudal Age |
| 12:36 | Build | House |
| 14:13 | Build | Palisade Wall |
| 14:14 | Build | Palisade Wall |
| 14:15 | Build | Palisade Wall |
| 14:16 | Build | Palisade Wall |
| 14:22 | Build | Palisade Wall |
| 14:24 | Build | Palisade Wall |
| 14:25 | Build | Palisade Wall |
| 14:41 | Create | Villager (Male) |
| 14:43 | Age | Feudal Age |
| 14:51 | Build | Lumber Camp |
| 15:10 | Research | Castle Age |
| 15:16 | Build | Palisade Wall |
| 15:18 | Build | Palisade Wall |
| 15:38 | Research | Horse Collar |
| 15:39 | Research | Double-Bit Axe |
| 16:10 | Build | Stable |
| 16:19 | Build | House |
| 16:31 | Create | Villager (Male) |
| 17:50 | Age | Castle Age |
| 17:56 | Create | Knight |
| 17:57 | Create | Knight |
| 17:59 | Create | Villager (Male) |
| 18:03 | Build | Town Center |
| 18:08 | Research | Bow Saw |
| 18:22 | Build | Farm |
| 18:41 | Create | Villager (Male) |
| 18:43 | Create | Villager (Male) |
| 18:54 | Create | Knight |
| 19:14 | Create | Villager (Male) |
| 19:33 | Build | Farm |
| 19:34 | Build | Farm |
| 19:34 | Build | Farm |
| 19:34 | Build | Farm |
| 19:34 | Build | Farm |
| 19:35 | Build | Farm |
| 19:36 | Create | Villager (Male) |
| 19:40 | Create | Villager (Male) |
| 20:07 | Create | Villager (Male) |
| 20:31 | Create | Villager (Male) |
| 20:32 | Create | Villager (Male) |
| 20:32 | Create | Villager (Male) |
| 20:34 | Create | Villager (Male) |
| 20:44 | Build | Town Center |
| 20:48 | Build | Farm |
| 20:50 | Build | Farm |
| 20:51 | Create | Villager (Male) |
| 21:06 | Create | Villager (Male) |
| 21:08 | Build | House |
| 22:12 | Create | Villager (Male) |
| 22:12 | Create | Villager (Male) |
| 22:12 | Create | Villager (Male) |
| 22:13 | Create | Villager (Male) |
| 27:59 | Build | Siege Workshop |
| 28:03 | Build | Siege Workshop |
| 28:04 | Build | Siege Workshop |
| 28:09 | Build | Mining Camp |
| 28:11 | Create | Villager (Male) |
| 28:11 | Create | Villager (Male) |
| 28:11 | Create | Villager (Male) |
| 28:12 | Create | Villager (Male) |
| 28:12 | Create | Villager (Male) |
| 28:13 | Create | Villager (Male) |
| 28:14 | Create | Villager (Male) |
| 28:16 | Build | House |
| 28:18 | Build | House |
| 28:18 | Build | House |
| 28:19 | Build | House |
| 28:19 | Build | House |
| 28:19 | Build | House |
| 28:25 | Research | Gold Mining |
Build order — NuMa | JavierFarfan
First 150 of 197 actions detected
| 0:12 | Build | Town Center |
| 1:37 | Build | Dock |
| 1:40 | Build | House |
| 2:34 | Create | Villager (Male) |
| 2:34 | Create | Villager (Male) |
| 2:34 | Create | Villager (Male) |
| 2:35 | Create | Villager (Male) |
| 2:35 | Create | Villager (Male) |
| 2:35 | Create | Villager (Male) |
| 3:20 | Create | Fishing Ship |
| 3:20 | Create | Fishing Ship |
| 4:12 | Create | Villager (Male) |
| 4:12 | Create | Villager (Male) |
| 4:21 | Build | House |
| 4:34 | Create | Villager (Male) |
| 4:34 | Create | Villager (Male) |
| 4:53 | Create | Villager (Male) |
| 4:53 | Create | Villager (Male) |
| 4:54 | Create | Villager (Male) |
| 5:16 | Create | Villager (Male) |
| 5:16 | Create | Villager (Male) |
| 5:18 | Create | Fishing Ship |
| 5:18 | Create | Fishing Ship |
| 5:18 | Create | Fishing Ship |
| 5:48 | Create | Villager (Male) |
| 5:49 | Create | Villager (Male) |
| 5:49 | Create | Villager (Male) |
| 5:54 | Create | Fishing Ship |
| 5:54 | Create | Fishing Ship |
| 5:54 | Create | Fishing Ship |
| 6:06 | Build | House |
| 6:07 | Create | Villager (Male) |
| 6:07 | Create | Villager (Male) |
| 6:37 | Create | Villager (Male) |
| 6:37 | Create | Villager (Male) |
| 6:58 | Create | Villager (Male) |
| 6:59 | Create | Villager (Male) |
| 7:07 | Create | Villager (Male) |
| 7:09 | Build | House |
| 7:10 | Create | Fishing Ship |
| 7:10 | Create | Fishing Ship |
| 7:11 | Create | Fishing Ship |
| 7:18 | Create | Villager (Male) |
| 7:18 | Create | Villager (Male) |
| 7:18 | Create | Villager (Male) |
| 7:52 | Build | House |
| 7:53 | Create | Villager (Male) |
| 7:53 | Create | Villager (Male) |
| 8:03 | Create | Fishing Ship |
| 8:03 | Create | Fishing Ship |
| 8:06 | Build | House |
| 8:28 | Create | Fishing Ship |
| 8:41 | Create | Villager (Male) |
| 9:02 | Build | Mill |
| 9:04 | Create | Villager (Male) |
| 9:22 | Create | Villager (Male) |
| 9:47 | Create | Fishing Ship |
| 9:49 | Create | Villager (Male) |
| 10:00 | Build | House |
| 10:20 | Build | House |
| 10:33 | Research | Loom |
| 10:46 | Research | Feudal Age |
| 11:12 | Build | Dock |
| 11:37 | Create | Villager (Male) |
| 11:38 | Create | Villager (Male) |
| 13:12 | Age | Feudal Age |
| 13:15 | Build | Market |
| 13:18 | Build | Blacksmith |
| 14:01 | Build | Palisade Wall |
| 14:04 | Build | Palisade Wall |
| 14:17 | Research | Castle Age |
| 15:22 | Build | Lumber Camp |
| 16:02 | Research | Double-Bit Axe |
| 16:15 | Build | Mining Camp |
| 16:28 | Research | Wheelbarrow |
| 16:57 | Age | Castle Age |
| 16:59 | Build | Castle |
| 17:46 | Create | Villager (Male) |
| 17:54 | Create | Conquistador |
| 17:55 | Create | Conquistador |
| 18:01 | Build | Mill |
| 18:06 | Create | Villager (Male) |
| 18:26 | Create | Conquistador |
| 18:26 | Create | Conquistador |
| 18:26 | Create | Conquistador |
| 18:33 | Create | Conquistador |
| 18:33 | Create | Conquistador |
| 18:40 | Research | Bow Saw |
| 18:41 | Research | Bow Saw |
| 19:06 | Create | Villager (Male) |
| 19:07 | Create | Villager (Male) |
| 19:07 | Create | Villager (Male) |
| 19:23 | Build | Stone Wall |
| 19:25 | Build | Stone Wall |
| 19:26 | Build | Stone Wall |
| 19:28 | Build | Stone Wall |
| 19:38 | Create | Villager (Male) |
| 19:44 | Build | Siege Workshop |
| 19:51 | Create | Conquistador |
| 19:51 | Create | Conquistador |
| 19:51 | Create | Conquistador |
| 20:21 | Create | Villager (Male) |
| 20:32 | Create | Mangonel |
| 20:32 | Create | Mangonel |
| 20:51 | Build | Town Center |
| 20:59 | Create | Villager (Male) |
| 20:59 | Create | Villager (Male) |
| 21:22 | Create | Conquistador |
| 21:22 | Create | Conquistador |
| 22:07 | Create | Villager (Male) |
| 22:24 | Create | Villager (Male) |
| 22:42 | Create | Villager (Male) |
| 22:52 | Create | Villager (Male) |
| 23:01 | Build | Watch Tower |
| 23:14 | Create | Villager (Male) |
| 23:15 | Create | Villager (Male) |
| 23:15 | Create | Villager (Male) |
| 23:17 | Create | Villager (Male) |
| 23:18 | Create | Villager (Male) |
| 23:18 | Create | Villager (Male) |
| 23:18 | Create | Villager (Male) |
| 23:23 | Build | Mill |
| 23:53 | Create | Villager (Male) |
| 24:00 | Create | Villager (Male) |
| 24:05 | Build | Farm |
| 24:08 | Build | Farm |
| 24:10 | Build | Farm |
| 24:11 | Build | Farm |
| 24:28 | Create | Battering Ram |
| 24:28 | Create | Battering Ram |
| 24:29 | Create | Battering Ram |
| 24:29 | Create | Battering Ram |
| 24:29 | Create | Battering Ram |
| 24:29 | Create | Battering Ram |
| 24:35 | Build | Farm |
| 24:40 | Create | Villager (Male) |
| 24:41 | Create | Villager (Male) |
| 24:41 | Create | Villager (Male) |
| 24:41 | Create | Villager (Male) |
| 24:47 | Create | Villager (Male) |
| 24:47 | Create | Villager (Male) |
| 24:47 | Create | Villager (Male) |
| 24:53 | Create | Villager (Male) |
| 24:54 | Create | Villager (Male) |
| 25:01 | Create | Villager (Male) |
| 25:02 | Create | Villager (Male) |
| 25:02 | Create | Villager (Male) |
| 25:07 | Build | Farm |
| 25:08 | Build | Farm |
| 25:10 | Build | Farm |
Build order — lord-cherry
72 actions detected in the replay
| 0:23 | Build | Town Center |
| 2:40 | Build | Dock |
| 3:20 | Create | Villager (Male) |
| 3:20 | Create | Villager (Male) |
| 3:20 | Create | Villager (Male) |
| 3:21 | Create | Villager (Male) |
| 3:44 | Build | House |
| 4:40 | Create | Fishing Ship |
| 4:40 | Create | Fishing Ship |
| 4:54 | Create | Villager (Male) |
| 5:27 | Research | Loom |
| 5:32 | Create | Fishing Ship |
| 5:32 | Create | Fishing Ship |
| 5:40 | Create | Villager (Male) |
| 5:40 | Create | Villager (Male) |
| 5:59 | Build | House |
| 6:17 | Create | Villager (Male) |
| 6:35 | Create | Fishing Ship |
| 7:04 | Create | Villager (Male) |
| 7:16 | Create | Villager (Male) |
| 7:24 | Build | House |
| 7:38 | Create | Villager (Male) |
| 7:42 | Build | House |
| 8:07 | Build | House |
| 8:10 | Create | Villager (Male) |
| 8:17 | Build | House |
| 8:32 | Build | House |
| 8:39 | Create | Villager (Male) |
| 9:18 | Create | Villager (Male) |
| 9:49 | Create | Villager (Male) |
| 9:49 | Create | Villager (Male) |
| 10:27 | Create | Fishing Ship |
| 10:41 | Create | Villager (Male) |
| 10:52 | Create | Villager (Male) |
| 11:11 | Build | Lumber Camp |
| 11:36 | Create | Villager (Male) |
| 11:38 | Research | Feudal Age |
| 11:38 | Research | Feudal Age |
| 12:14 | Create | Fishing Ship |
| 12:14 | Create | Fishing Ship |
| 12:14 | Create | Fishing Ship |
| 12:49 | Build | Dock |
| 13:11 | Build | Lumber Camp |
| 13:32 | Build | Mill |
| 13:51 | Create | Villager (Male) |
| 13:51 | Create | Villager (Male) |
| 14:11 | Age | Feudal Age |
| 14:18 | Create | Unit 2626 |
| 14:18 | Create | Fire Galley |
| 14:36 | Create | Villager (Male) |
| 14:55 | Create | Fishing Ship |
| 14:55 | Create | Fishing Ship |
| 15:14 | Build | Blacksmith |
| 15:27 | Research | Tech 906 |
| 15:48 | Build | Blacksmith |
| 15:52 | Create | Villager (Male) |
| 16:15 | Create | Villager (Male) |
| 16:32 | Build | Market |
| 16:44 | Create | Villager (Male) |
| 16:51 | Build | House |
| 16:59 | Build | House |
| 17:06 | Create | Villager (Male) |
| 17:34 | Build | House |
| 17:44 | Research | Castle Age |
| 17:49 | Build | House |
| 17:51 | Build | House |
| 17:58 | Research | Fletching |
| 18:34 | Build | Lumber Camp |
| 19:38 | Research | Double-Bit Axe |
| 19:42 | Build | Barracks |
| 20:24 | Age | Castle Age |
| 21:12 | Build | Castle |
Build order — bankai_aoe
First 150 of 174 actions detected
| 0:11 | Build | Town Center |
| 0:47 | Build | Dock |
| 2:32 | Create | Villager (Male) |
| 2:32 | Create | Villager (Male) |
| 2:33 | Create | Villager (Male) |
| 2:33 | Create | Villager (Male) |
| 2:33 | Create | Villager (Male) |
| 3:04 | Research | Loom |
| 3:08 | Create | Villager (Male) |
| 3:08 | Create | Villager (Male) |
| 3:09 | Create | Villager (Male) |
| 3:29 | Create | Villager (Male) |
| 3:29 | Create | Villager (Male) |
| 3:37 | Build | House |
| 3:51 | Create | Fishing Ship |
| 4:49 | Build | House |
| 5:06 | Create | Villager (Male) |
| 5:06 | Create | Villager (Male) |
| 5:06 | Create | Villager (Male) |
| 5:27 | Create | Fishing Ship |
| 5:33 | Create | Villager (Male) |
| 5:33 | Create | Villager (Male) |
| 5:59 | Create | Villager (Male) |
| 5:59 | Create | Villager (Male) |
| 6:15 | Build | House |
| 6:26 | Create | Fishing Ship |
| 6:26 | Create | Villager (Male) |
| 6:27 | Create | Villager (Male) |
| 6:48 | Create | Villager (Male) |
| 6:48 | Create | Villager (Male) |
| 7:12 | Create | Fishing Ship |
| 7:14 | Create | Villager (Male) |
| 7:14 | Create | Villager (Male) |
| 7:34 | Create | Villager (Male) |
| 7:47 | Build | House |
| 8:03 | Build | Palisade Gate |
| 8:26 | Create | Villager (Male) |
| 8:38 | Create | Fishing Ship |
| 8:44 | Create | Villager (Male) |
| 8:54 | Create | Villager (Male) |
| 9:18 | Create | Villager (Male) |
| 9:29 | Build | Mill |
| 10:04 | Create | Villager (Male) |
| 10:16 | Build | Palisade Wall |
| 10:26 | Build | Mining Camp |
| 10:41 | Research | Feudal Age |
| 11:17 | Create | Villager (Male) |
| 11:24 | Build | Palisade Wall |
| 11:25 | Build | Palisade Wall |
| 11:26 | Build | Palisade Wall |
| 11:37 | Create | Villager (Male) |
| 11:50 | Create | Villager (Male) |
| 11:57 | Build | House |
| 12:35 | Build | Barracks |
| 12:51 | Age | Feudal Age |
| 12:54 | Build | Blacksmith |
| 13:31 | Build | Archery Range |
| 13:37 | Create | Villager (Male) |
| 13:48 | Research | Fletching |
| 14:05 | Research | Castle Age |
| 14:08 | Create | Archer |
| 14:09 | Create | Archer |
| 14:25 | Build | Outpost |
| 14:36 | Build | Lumber Camp |
| 14:55 | Create | Archer |
| 14:55 | Create | Archer |
| 15:35 | Create | Archer |
| 15:36 | Create | Villager (Male) |
| 15:38 | Build | House |
| 15:48 | Create | Archer |
| 15:53 | Create | Villager (Male) |
| 16:05 | Research | Double-Bit Axe |
| 16:34 | Build | House |
| 16:36 | Build | Palisade Wall |
| 16:40 | Build | House |
| 16:46 | Age | Castle Age |
| 16:47 | Create | Archer |
| 16:53 | Build | Siege Workshop |
| 16:55 | Research | Crossbowman (upgrade) |
| 16:58 | Create | Archer |
| 17:20 | Create | Villager (Male) |
| 17:49 | Create | Mangonel |
| 17:49 | Create | Mangonel |
| 18:01 | Build | Monastery |
| 18:06 | Create | Villager (Male) |
| 18:06 | Create | Villager (Male) |
| 18:06 | Create | Villager (Male) |
| 18:07 | Create | Villager (Male) |
| 18:29 | Create | Villager (Male) |
| 18:29 | Create | Villager (Male) |
| 18:44 | Create | Villager (Male) |
| 18:46 | Create | Monk |
| 19:09 | Create | Archer |
| 19:10 | Create | Archer |
| 19:21 | Create | Villager (Male) |
| 19:34 | Create | Mangonel |
| 19:34 | Create | Mangonel |
| 19:41 | Build | Town Center |
| 19:50 | Build | House |
| 20:00 | Create | Archer |
| 20:04 | Create | Elephant Archer |
| 20:04 | Create | Elephant Archer |
| 20:36 | Create | Elephant Archer |
| 20:38 | Research | Wheelbarrow |
| 20:51 | Create | Villager (Male) |
| 20:52 | Create | Villager (Male) |
| 20:52 | Create | Villager (Male) |
| 20:55 | Create | Mangonel |
| 21:35 | Create | Villager (Male) |
| 21:35 | Create | Villager (Male) |
| 21:36 | Create | Villager (Male) |
| 21:36 | Create | Villager (Male) |
| 21:52 | Build | Farm |
| 21:54 | Build | Farm |
| 22:15 | Build | House |
| 22:41 | Create | Elephant Archer |
| 22:45 | Build | Archery Range |
| 22:50 | Create | Villager (Male) |
| 22:50 | Create | Villager (Male) |
| 22:50 | Create | Villager (Male) |
| 22:51 | Create | Villager (Male) |
| 23:11 | Create | Elephant Archer |
| 23:11 | Create | Elephant Archer |
| 23:25 | Build | House |
| 23:31 | Create | Villager (Male) |
| 23:31 | Create | Villager (Male) |
| 23:45 | Build | House |
| 23:46 | Build | House |
| 23:46 | Build | House |
| 23:47 | Build | House |
| 23:55 | Create | Elephant Archer ×2 |
| 24:21 | Create | Villager (Male) |
| 24:21 | Create | Villager (Male) |
| 24:29 | Build | Market |
| 24:58 | Create | Villager (Male) |
| 24:58 | Create | Villager (Male) |
| 25:16 | Build | Town Center |
| 25:38 | Create | Elephant Archer |
| 25:38 | Create | Elephant Archer |
| 25:42 | Create | Villager (Male) |
| 25:42 | Create | Villager (Male) |
| 25:43 | Create | Villager (Male) |
| 25:43 | Create | Villager (Male) |
| 25:43 | Create | Villager (Male) |
| 25:43 | Create | Villager (Male) |
| 25:43 | Create | Villager (Male) |
| 25:50 | Build | Farm |
| 25:50 | Build | Farm |
| 25:50 | Build | Farm |
| 25:50 | Build | Farm |
Match timeline
| 0:47 | bankai_aoe · first_building Dock |
| 1:13 | marvinpalomino · first_building Dock |
| 1:37 | NuMa | JavierFarfan · first_building Dock |
| 2:11 | GSDE_Bjarne · first_building Dock |
| 2:22 | CTM | KLIN · first_building Dock |
| 2:40 | lord-cherry · first_building Dock |
| 2:55 | Aragami · first_building Dock |
| 3:40 | MenaChuuni · first_building Dock |
| 10:16 | bankai_aoe · wall_segment Palisade Wall x7 |
| 11:24 | bankai_aoe · wall_segment Palisade Wall x1 |
| 11:25 | bankai_aoe · wall_segment Palisade Wall x1 |
| 11:26 | bankai_aoe · wall_segment Palisade Wall x1 |
| 12:35 | bankai_aoe · first_building Barracks |
| 12:51 | bankai_aoe · age_up feudal |
| 13:12 | NuMa | JavierFarfan · age_up feudal |
| 13:31 | bankai_aoe · first_building Archery Range |
| 13:42 | MenaChuuni · age_up feudal |
| 13:43 | marvinpalomino · first_building Barracks |
| 13:43 | Aragami · age_up feudal |
| 14:01 | NuMa | JavierFarfan · wall_segment Palisade Wall x1 |
| 14:04 | NuMa | JavierFarfan · wall_segment Palisade Wall x1 |
| 14:11 | lord-cherry · age_up feudal |
| 14:13 | CTM | KLIN · wall_segment Palisade Wall x1 |
| 14:14 | CTM | KLIN · wall_segment Palisade Wall x1 |
| 14:14 | NuMa | JavierFarfan · first_market_sell 100 wood |
| 14:15 | GSDE_Bjarne · age_up feudal |
| 14:15 | CTM | KLIN · wall_segment Palisade Wall x1 |
| 14:16 | CTM | KLIN · wall_segment Palisade Wall x1 |
| 14:22 | CTM | KLIN · wall_segment Palisade Wall x1 |
| 14:24 | CTM | KLIN · wall_segment Palisade Wall x1 |
| 14:25 | CTM | KLIN · wall_segment Palisade Wall x1 |
| 14:32 | marvinpalomino · age_up feudal |
| 14:35 | marvinpalomino · first_building Archery Range |
| 14:43 | CTM | KLIN · age_up feudal |
| 14:56 | marvinpalomino · wall_segment Palisade Wall x2 |
| 15:16 | CTM | KLIN · wall_segment Palisade Wall x1 |
| 15:18 | CTM | KLIN · wall_segment Palisade Wall x1 |
| 15:36 | Aragami · first_market_sell 100 food |
| 16:10 | CTM | KLIN · first_building Stable |
| 16:36 | bankai_aoe · wall_segment Palisade Wall x1 |
| 16:46 | bankai_aoe · age_up castle |
| 16:53 | bankai_aoe · first_building Siege Workshop |
| 16:57 | NuMa | JavierFarfan · age_up castle |
| 16:59 | NuMa | JavierFarfan · first_building Castle |
| 17:14 | MenaChuuni · first_building Barracks |
| 17:50 | CTM | KLIN · age_up castle |
| 18:01 | bankai_aoe · first_building Monastery |
| 18:07 | marvinpalomino · age_up castle |
| 18:19 | marvinpalomino · first_building Siege Workshop |
| 18:24 | Aragami · age_up castle |
| 18:30 | MenaChuuni · age_up castle |
| 18:35 | MenaChuuni · first_market_buy 100 stone |
| 18:39 | MenaChuuni · first_building Castle |
| 18:47 | Aragami · first_building Castle |
| 19:23 | NuMa | JavierFarfan · wall_segment Stone Wall x7 |
| 19:25 | NuMa | JavierFarfan · wall_segment Stone Wall x1 |
| 19:26 | NuMa | JavierFarfan · wall_segment Stone Wall x1 |
| 19:28 | NuMa | JavierFarfan · wall_segment Stone Wall x6 |
| 19:42 | lord-cherry · first_building Barracks |
| 19:44 | NuMa | JavierFarfan · first_building Siege Workshop |
| 20:02 | GSDE_Bjarne · age_up castle |
| 20:22 | GSDE_Bjarne · wall_segment Palisade Wall x2 |
| 20:24 | lord-cherry · age_up castle |
| 20:44 | GSDE_Bjarne · wall_segment Stone Wall x1 |
| 20:57 | lord-cherry · first_market_buy 100 stone |
| 21:01 | lord-cherry · first_market_sell 100 food |
| 21:01 | MenaChuuni · first_market_sell 100 stone |
| 21:12 | lord-cherry · first_building Castle |
| 21:38 | GSDE_Bjarne · wall_segment Palisade Wall x1 |
| 21:48 | GSDE_Bjarne · wall_segment Palisade Wall x1 |
| 21:50 | GSDE_Bjarne · wall_segment Palisade Wall x1 |
| 22:08 | lord-cherry · resign |
| 22:18 | NuMa | JavierFarfan · first_market_buy 100 food |
| 22:27 | GSDE_Bjarne · first_building Castle |
| 23:23 | marvinpalomino · wall_segment Stone Wall x8 |
| 24:58 | Aragami · first_building Siege Workshop |
| 25:41 | bankai_aoe · first_market_buy 100 food |
| 27:59 | CTM | KLIN · first_building Siege Workshop |
[ AI ANALYSIS · 1 CREDIT ]
What really happened in this match?
Wolo.gg analyzes every decision: build order, eco, micro, common mistakes by bracket. Personalized analysis on WhatsApp or Discord in 30 seconds.
Civ guide
Japanese
Perfil
Jugador #5961477